[Event "Frauenbundesliga 2021-22"]
[Site "Germany"]
[Date "2022.05.26"]
[Round "3.1"]
[White "Cyfka, Karina"]
[Black "Sliwicka, Alicja"]
[Result "1-0"]
[ECO "D90"]
[WhiteElo "2404"]
[BlackElo "2273"]
[Annotator "TA"]
[PlyCount "119"]
[EventDate "2021.11.26"]
[EventType "team-tourn"]
[EventCountry "GER"]
[SourceTitle "playchess.com"]
[Source "ChessBase"]
[SourceQuality "1"]
[WhiteTeam "Leipzig"]
[BlackTeam "Rodewisch"]
[TimeControl "40/5400+30:1800+30"]

1. d4 Nf6 2. c4 g6 3. Nc3 d5 4. cxd5 Nxd5 5. Bd2 Nb6 6. Bf4 Bg7 7. e3 O-O 8. Nf3 c5 {[%emt 0:13:20] D90: Grünfeld: 4 Nf3 Bg7 sidelines.} 9. dxc5 N6d7 10. Bc4 Nc6 {[%emt 0:08:48] The position is equal.} 11. O-O Qa5 (11... Nxc5 $11 12. Qe2 Bg4) 12. Rc1 {[%emt 0:04:14] 0x0.001df06cc709dp-1022s more active pieces. The black rooks are badly placed.} (12. Nd5 $1 $16) 12... Nxc5 $11 {[%emt 0:05:08] [#]} 13. Qe2 $146 ({Predecessor:} 13. a3 Be6 14. Qe2 Bxc4 15. Qxc4 Ne6 16. Bg3 Rac8 17. Qb3 Rfd8 18. Qa2 Qh5 19. Rfd1 Bxc3 20. Rxd8+ Rxd8 21. bxc3 {½-½ (60) Esserman,M (2408)-Cumming,R (2135) England 2015}) 13... Bf5 {[%emt 0:04:22] [#]} (13... Bg4 $11 14. h3 Bxf3 15. gxf3 (15. Qxf3 Rad8 $11) 15... Rad8) 14. Rfd1 (14. Nd5 $1 $16 {[%cal Ob2b4] Black must now prevent b4!} e6 15. b4) 14... Ne6 15. Bg3 Rad8 16. Nh4 Rxd1+ 17. Qxd1 Rd8 18. Qe2 g5 (18... Bxc3 $11 {is more appropriate.} 19. Rxc3 Ng7) 19. Nxf5 $14 Qxf5 20. Rd1 (20. Nd5 $5) 20... Nc5 21. Rxd8+ Nxd8 22. f3 (22. Qd2 {is more complex.} Nc6 23. f3 g4 24. fxg4 Bxc3 25. bxc3 Qxg4 26. Qd5) 22... Nc6 23. Qd2 h5 24. e4 Qg6 25. Bf2 {[%emt 0:00:26] This bishop pair is nice.} b6 (25... Ne6 $11 {keeps the balance.}) 26. Nd5 (26. Qd5 $16) 26... e6 (26... g4 $5 ) 27. Ne3 $36 {[%emt 0:03:13][%mdl 2048] Strongly threatening b4. White has good play.} g4 {[%emt 0:00:36] [#]} (27... Ne5 $11 {remains equal.}) 28. b4 $1 $16 Nxe4 29. fxe4 $18 Qxe4 30. a3 Bf6 31. Bf1 Ne5 32. Qc2 Qf4 33. Nc4 h4 $2 (33... Nxc4 {keeps fighting.} 34. Qxc4 Be5 35. Qxf4 Bxf4) 34. Nxe5 (34. Be3 $18 {and the rest is easy.} Qf5 35. Qxf5 exf5 36. Nd6) 34... Bxe5 $16 35. g3 $1 hxg3 36. hxg3 Qf3 37. Qd3 Qc6 {[%emt 0:00:36] Black cannot hold the game after this.} (37... Qxd3 $16 38. Bxd3 f5) 38. Qd8+ $18 Kh7 39. Qh4+ Kg8 40. Qg5+ Bg7 41. Qxg4 {[%emt 0:31:18] And now Bd4 would win.} Qc3 {[%emt 0:04:49] Inhibits Bd4.} 42. a4 Kf8 43. Qc4 Ke7 (43... Qd2 $142 44. a5 Be5 45. axb6 axb6) 44. a5 Qe5 45. axb6 axb6 46. Qc6 Qg5 47. Qxb6 {[%emt 0:00:00] White threatens Bc5+ and mate.} Be5 48. Bc5+ {[%emt 0:00:00] White mates.} Kf6 49. Qd8+ Kg6 50. Qxg5+ Kxg5 51. Kg2 Bb8 52. Bc4 Kf5 53. Kf3 Ke5 54. g4 Kf6 55. Be3 Kg6 56. Bf4 e5 57. Bd3+ Kf6 58. Be3 Ke7 59. Ke4 f6 60. Bc5+ {[%emt 0:00:00] Weighted Error Value: White=0.18 (very precise) /Black=0.69} 1-0

[Event "Frauenbundesliga 2021-22"]
[Site "Germany"]
[Date "2022.05.26"]
[Round "3.2"]
[White "Lubbe, Melanie"]
[Black "Kulon, Klaudia"]
[Result "1-0"]
[ECO "C90"]
[WhiteElo "2308"]
[BlackElo "2305"]
[Annotator "TA"]
[PlyCount "69"]
[EventDate "2021.11.26"]
[EventType "team-tourn"]
[EventCountry "GER"]
[SourceTitle "playchess.com"]
[Source "ChessBase"]
[SourceQuality "1"]
[WhiteTeam "Rodewisch"]
[BlackTeam "Leipzig"]
[TimeControl "40/5400+30:1800+30"]

1. e4 e5 2. Nf3 Nc6 3. Bc4 Nf6 4. d3 Be7 5. O-O O-O 6. Re1 d6 7. c3 Na5 8. Bb5 a6 9. Ba4 b5 10. Bc2 c5 11. Nbd2 g6 {[%emt 0:03:23] C90: Closed Ruy Lopez with 7...d6: Early deviations.} 12. Nf1 Nh5 13. d4 Qc7 {[%emt 0:01:36] The position is equal.} 14. Ne3 {[%emt 0:10:56] And now Nd5 would win.} Be6 15. dxe5 dxe5 16. Nd5 Bxd5 17. exd5 Bd6 {[%emt 0:01:00] [#]} 18. Ng5 $146 ({Predecessor:} 18. a4 f6 19. b3 c4 20. b4 Nb7 21. Be3 Ng7 22. Qe2 Rfb8 23. Ra2 Nd8 24. Rea1 {0-1 (54) Kasperkiewicz,P (1963)-Koziol,P (1906) Warsaw 2015}) 18... Ng7 19. Qf3 Qd7 20. Qg3 (20. Qf6 Be7 21. Ne4 (21. Qxe5 Rae8 $11) 21... Nh5) (20. b3 $16) 20... Ne8 (20... Nh5 $11 {remains equal.} 21. Qh4 Be7) 21. f4 $16 (21. Qh4 f5 $14) 21... exf4 22. Bxf4 $40 {[%emt 0:00:06][%cal Bc1f4,Bf4e5,Be5d4][%mdl 160] White is out for blood.} ({Don't do} 22. Qh4 Nf6 $11) 22... Nb7 {[%emt 0:07:46] [#]} (22... Bxf4 $142 23. Qxf4 Qd6) 23. Re3 {[%emt 0:05:28] 0x0.001df02e80e8dp-1022s more active pieces. The black rooks are badly placed.} ({But not} 23. Qh4 Nf6 $16) (23. Rf1 $142 $1) 23... c4 $2 {[%emt 0:08:37][%mdl 8192] Black cannot hold the game after this.} (23... Nf6 $16) 24. Nxh7 $18 ({Not} 24. Qh4 h5 $14) 24... Bc5 (24... Kxh7 25. Qh4+ Kg8) 25. Nxf8 Kxf8 26. Be5 Bxe3+ (26... Ng7 $142 27. Bd4 Bxd4) 27. Qxe3 {[%emt 0:00:02] [#] Qh6+ is the strong threat.} Qxd5 28. Qh6+ Ke7 29. Qh4+ Kf8 30. Re1 {[%emt 0:00:23] Threatens to win with Qh8+.} Rc8 31. Bd4 f6 32. Be4 {[%emt 0:00:51] A strong pair of Bishops.} (32. Qh6+ $142 Ng7 33. Bxf6 Rc7 34. Bxg6 Nd6 35. Rf1 Qc5+ 36. Kh1 Nf7 37. Qxg7+ Ke8 38. Rd1 Qg1+ 39. Kxg1 Rd7 40. Qh8#) 32... Qd7 33. Qh8+ {[%emt 0:00:51] White mates.} Kf7 34. Qh7+ Ng7 35. Bxg6+ {[%emt 0:00:12] Weighted Error Value: White=0.26 (precise) /Black=1.24} 1-0

[Event "Frauenbundesliga 2021-22"]
[Site "Germany"]
[Date "2022.05.26"]
[Round "3.3"]
[White "Hincu, Olga"]
[Black "Movsesian, Julia"]
[Result "1-0"]
[ECO "D30"]
[WhiteElo "2078"]
[BlackElo "2313"]
[Annotator "TA"]
[PlyCount "81"]
[EventDate "2021.11.26"]
[EventType "team-tourn"]
[EventCountry "GER"]
[SourceTitle "playchess.com"]
[Source "ChessBase"]
[SourceQuality "1"]
[WhiteTeam "Leipzig"]
[BlackTeam "Rodewisch"]
[TimeControl "40/5400+30:1800+30"]

1. d4 d5 2. Nf3 e6 3. c4 a6 4. e3 Nf6 5. Bd3 dxc4 6. Bxc4 {[%emt 0:00:04] D30: Queen's Gambit Declined: Systems without Nc3.} b5 7. Be2 Bb7 8. O-O {[%emt 0:00:30] The position is equal.} Nbd7 9. a4 b4 10. a5 c5 11. Nbd2 Be7 12. Nc4 O-O 13. Nfe5 Qc7 {[%emt 0:06:07] [#]} 14. Bf3 $146 ({Predecessor:} 14. Nxd7 Nxd7 15. b3 cxd4 16. exd4 Nf6 17. Be3 Nd5 18. Qc2 Bf6 19. Rac1 Rad8 20. Bf3 {0-1 (29) Stokstad,P (2225)-Alsina Leal,D (2517) Barcelona 2008}) 14... Bd5 15. b3 Rad8 16. Bb2 Nxe5 17. Nxe5 Ne4 18. Qc2 Qb7 (18... Nc3 $5) 19. Nc4 Bf6 {[%emt 0:18:25] White should prevent ...cxd4.} 20. Nb6 Bc6 (20... cxd4 $1 $11 21. exd4 Nc3 22. Nxd5 exd5) 21. Rac1 $14 Bh4 (21... Rd6 $14) 22. Qe2 (22. dxc5 $2 Rd2 23. Qb1 Bxf2+ 24. Rxf2 Rxf2 $19) (22. Na4 $1 $16) 22... Bf6 23. Bxe4 ({Stronger than} 23. dxc5 Rd2 24. Qc4 Bxb2 $17) 23... Bxe4 24. f3 Bd5 (24... Bc6 $1 $14) 25. dxc5 $18 {[%emt 0:02:22] Threatens to win with Bxf6.} Bxb3 $2 (25... Bxb2 26. Qxb2 Bc6) 26. Bxf6 gxf6 27. Qb2 Bd5 28. Qxf6 Qc6 29. Nxd5 $2 (29. Rfd1) 29... Rxd5 {[%emt 0:00:01] [#]} 30. Rc4 {[%emt 0:00:36] White threatens Rg4+ and mate.} h5 {[%emt 0:00:15] [#] Against Rg4+} 31. Rxb4 $2 (31. Rfc1 $1 $18 {e4 is the strong threat.} Qa4 32. c6) 31... Qxc5 $14 32. Rd4 Rxd4 33. exd4 (33. Qxd4 $14 {is more appropriate.} Rc8 34. Ra1) 33... Qxa5 $11 {[%emt 0:00:16][%mdl 4096] Endgame KQR-KQR} 34. f4 $36 {[%emt 0:01:18][%mdl 2048] White fights for an advantage.} Rb8 35. f5 exf5 (35... Qd2 $1 $11 {remains equal.}) 36. Qg5+ $16 ({Much weaker is} 36. Rxf5 $6 Rb1+ 37. Rf1 Rxf1+ 38. Qxf1 Qb5 $11) ({Don't play} 36. Qxf5 Qxf5 37. Rxf5 Rb5 $11) 36... Kf8 37. Qxh5 {[%emt 0:00:31] Black must now prevent Qh8+. White is more active.} Rb5 38. Qh8+ Ke7 39. Qh4+ Kd7 (39... Kf8 $16) 40. Qf6 $18 {[%emt 0:00:32] aiming for Rc1.} Qa2 $2 (40... Qc3 41. Qxf7+ Kc8) 41. Re1 {[%emt 0:31:35] Weighted Error Value: White=0.41/Black=0.51} 1-0

[Event "Frauenbundesliga 2021-22"]
[Site "Germany"]
[Date "2022.05.26"]
[Round "3.4"]
[White "Theissl Pokorna, Regina"]
[Black "Germann, Heike"]
[Result "1/2-1/2"]
[ECO "B72"]
[WhiteElo "2302"]
[BlackElo "1997"]
[Annotator "TA"]
[PlyCount "75"]
[EventDate "2021.11.26"]
[EventType "team-tourn"]
[EventCountry "GER"]
[SourceTitle "playchess.com"]
[Source "ChessBase"]
[SourceQuality "1"]
[WhiteTeam "Rodewisch"]
[BlackTeam "Leipzig"]
[TimeControl "40/5400+30:1800+30"]

1. e4 c5 2. Nf3 Nc6 3. d4 cxd4 4. Nxd4 g6 5. Nc3 Bg7 6. Be3 Nf6 7. Bc4 Qa5 8. O-O O-O 9. Bb3 d6 10. h3 Bd7 11. Qd3 Nxd4 12. Bxd4 Bc6 13. Rfe1 {[%emt 0:01:01][%cal Oc3d5] B72: Sicilian Dragon: 6 Be3, lines with h3+Bc4 and sidelines.} Nd7 14. Bxg7 Kxg7 15. Nd5 {[%emt 0:00:36] White has an edge.} Nc5 {[%emt 0:12:39] [#]} 16. Qe3 $146 ({Predecessor:} 16. Qd4+ e5 17. Qe3 Bxd5 18. Bxd5 Qb6 19. Rab1 Qc7 20. c3 a6 21. Rbd1 Rab8 22. Rd2 {1-0 (42) Van der Weide,K (2482)-Vilerte,T (2234) Triesen 2008}) 16... Bxd5 (16... e6 $5 17. Nc3 Rfd8 $11) 17. exd5 Rfe8 18. Rad1 Rac8 19. c3 Nxb3 20. axb3 Qa2 21. c4 {[%emt 0:08:23] [#] And now Qc3+ would win.} Qxb2 22. Rb1 Qa3 23. Ra1 Qc5 {[%emt 0:01:36] Inhibits Qd4+.} 24. Rxa7 Qxe3 25. Rxe3 $11 {[%emt 0:00:05][%mdl 4096] Endgame KRR-KRR} Rc7 26. Kf1 e5 27. dxe6 Rxe6 28. Ke2 Kf6 29. Kd3 Rxe3+ (29... d5 $5) 30. Kxe3 {[%emt 0:00:06] KR-KR} (30. fxe3 $14 {was preferrable.} Ke5 31. Ra8) 30... d5 {[%emt 0:03:52] The position is equal.} 31. c5 Rxc5 {[%emt 0:02:41] aiming for ...Rc3+.} 32. Rxb7 Rc3+ 33. Kd2 d4 34. h4 h5 35. Rb5 Ke6 36. Rb7 Kf6 37. Rb5 Ke6 38. Rb7 {[%emt 0:00:18] Weighted Error Value: White=0.08 (flawless) /Black=0.05 (flawless)} 1/2-1/2

[Event "Frauenbundesliga 2021-22"]
[Site "Germany"]
[Date "2022.05.26"]
[Round "3.5"]
[White "Just, Anita"]
[Black "Miturova, Magdalena"]
[Result "0-1"]
[ECO "C59"]
[WhiteElo "1895"]
[BlackElo "2217"]
[Annotator "TA"]
[PlyCount "114"]
[EventDate "2021.11.26"]
[EventType "team-tourn"]
[EventCountry "GER"]
[SourceTitle "playchess.com"]
[Source "ChessBase"]
[SourceQuality "1"]
[WhiteTeam "Leipzig"]
[BlackTeam "Rodewisch"]
[TimeControl "40/5400+30:1800+30"]

1. e4 e5 2. Nf3 Nc6 3. Bc4 Nf6 4. Ng5 d5 5. exd5 Na5 6. Bb5+ c6 7. dxc6 bxc6 8. Be2 h6 9. Nf3 e4 10. Ne5 Bc5 11. c3 Bd6 {[%emt 0:00:29] C59: Two Knights: 4 Ng5 d5 5 exd5 Na5 5 Bb5+ c6 6 dxc6 bxc6 7 Be2.} (11... Qc7 $5 12. d4 exd3 13. Nxd3 Bd6 $11) 12. d4 exd3 $1 13. Nxd3 Qc7 {[%emt 0:04:53] Black has an edge.} 14. h3 O-O {[%emt 0:00:34][%mdl 1024] Black has compensation.} 15. O-O Bf5 {[%emt 0:08:16] Strongly threatening ...Rad8.} 16. Nd2 (16. b4 $15 Nc4 17. Nf4) 16... Rad8 $17 17. Ne1 {[%emt 0:04:01] [#]} c5 $146 {[%emt 0:11:31] Black is much more active. The white rooks are badly placed.} (17... Rfe8) (17... Rfe8 $1 $17 {Hoping for ...Bh2+.} 18. Nef3 Bc5) ({Predecessor:} 17... Bf4 18. Nef3 Ne4 19. Nd4 c5 20. Nxf5 Nxd2 21. Qa4 Qe5 22. Bxd2 Rxd2 23. Bg4 Qc7 {0-1 (38) Mitypov,B (2243)-Dashibalov,E (2365) Ulan-Ude 2013}) 18. Nef3 {[%emt 0:02:50] Inhibits Bh2+.} Rfe8 (18... Qc6) 19. Bb5 Re6 20. Qa4 Nd5 21. Nh4 Bh7 {[%emt 0:04:39][%cal Oa7a6] White must now prevent ...a6!} 22. Qg4 $2 {[%emt 0:04:22][%mdl 8192] Black converts the advantage convincingly.} (22. Nhf3 $11 {and White is okay.}) 22... a6 $19 23. Bxa6 Bh2+ {[%emt 0:11:44][%mdl 64] Discovered Attack} 24. Kh1 Rxa6 25. g3 (25. Nf5 {keeps fighting.} Rg6 26. Qh4) 25... Nf6 26. Qf3 {[%emt 0:10:30] [#]} Rxd2 $1 27. Kxh2 Rd3 28. Bf4 Qd7 ({Don't go for} 28... Rxf3 $2 29. Bxc7 Rd3 30. Bxa5 Rxa5 31. a4 $19) 29. Rad1 c4 ({Wrong is} 29... Rxf3 $2 30. Rxd7 Rxf2+ 31. Rxf2 $19) 30. Be3 Nc6 31. Rxd3 Bxd3 32. Ra1 Ne5 33. Qf4 Re6 {[%emt 0:00:50] aiming for ...g5.} 34. Qd4 Qb7 35. b4 g5 36. f4 gxh4 (36... Nf3+ $142 37. Nxf3 Qxf3 38. Re1 Nd5 39. Qxd5 Qxd5 40. fxg5 Qf3 41. g4 Be4 42. Re2 Qxe2+ 43. Kg3 Qxe3+ 44. Kh4 Bg2 45. gxh6 Rxh6#) 37. fxe5 {[%emt 0:00:26] Black is clearly winning.} hxg3+ 38. Kxg3 Ne4+ 39. Kh2 Rg6 40. Rg1 Rxg1 41. Kxg1 Qc6 42. Kh2 Qg6 43. Bf4 {[%emt 0:00:00] Prevents Qg3+.} Bf1 44. Qg1 {[%emt 0:00:00] Prevents Qg2+.} Qxg1+ 45. Kxg1 Bxh3 46. Bxh6 (46. b5 $142) 46... Kh7 47. Be3 Nxc3 48. a3 (48. b5 $142) 48... Kg6 (48... Bd7 $142 49. Kf2 Kg6) 49. Kf2 Bd7 (49... Nd1+ $142 50. Ke2 Nc3+ 51. Ke1 Bd7) 50. Bd4 Nd5 {[%emt 0:02:44] ...c3 is the strong threat.} 51. Ke2 Kf5 {[%emt 0:00:12] And now ...Ke4 would win.} 52. Kd2 Ke4 53. Bg1 Kxe5 54. Ba7 Ke4 55. Bg1 c3+ 56. Kc1 Kd3 {[%emt 0:00:15] ( -> ...Nf4)} 57. Bh2 {[%emt 0:00:19] Against Nf4} Nb6 {[%emt 0:00:47] Weighted Error Value: White=1.37/Black=0.65} 0-1

[Event "Frauenbundesliga 2021-22"]
[Site "Germany"]
[Date "2022.05.26"]
[Round "3.6"]
[White "Kubikova, Alena"]
[Black "Von Herman, Brigitte"]
[Result "1-0"]
[ECO "C85"]
[WhiteElo "2093"]
[BlackElo "1929"]
[Annotator "TA"]
[PlyCount "59"]
[EventDate "2021.11.26"]
[EventType "team-tourn"]
[EventCountry "GER"]
[SourceTitle "playchess.com"]
[Source "ChessBase"]
[SourceQuality "1"]
[WhiteTeam "Rodewisch"]
[BlackTeam "Leipzig"]
[TimeControl "40/5400+30:1800+30"]

1. e4 e5 2. Nf3 Nc6 3. Bb5 a6 4. Ba4 Nf6 5. O-O Be7 6. Bxc6 dxc6 7. d3 Nd7 8. b3 O-O 9. Bb2 f6 10. Nbd2 Nc5 {[%emt 0:01:16] C85: Closed Ruy Lopez: Deferred Exchange Variation.} 11. h3 {[%emt 0:14:36] [#]} Be6 $146 ({Predecessor:} 11... Ne6 12. Nc4 a5 13. a4 b6 14. Ne3 Rf7 15. Nf5 Bf8 16. Nh2 Nf4 17. Qf3 Bxf5 18. exf5 {1-0 (41) Sanal,V (2545)-Nyysti,S (2335) Batumi 2019}) 12. Qe2 Bf7 {[%emt 0:03:38] The position is equal.} 13. Nh4 Ne6 14. Nf5 Bc5 15. Qg4 {[%emt 0:12:08] And now Nh6+ would win.} Qd7 $2 {[%emt 0:06:05] [#]} (15... Kh8 $11 {and Black is okay.}) 16. Nxg7 $1 $18 Kh8 17. Nxe6 Bxe6 {[%emt 0:00:19] This bishop pair is nice.} 18. Qf3 Rf7 19. Kh2 Rg8 20. Nc4 Rg5 21. Ne3 Rf8 (21... Bd4 $142) 22. Rg1 Qg7 23. g4 Rg8 24. Rg3 Bxe3 $2 {[%emt 0:07:03] [#]} (24... Rf8 {is a better defense.} 25. Nf5 Bxf5) 25. Qxe3 ({Less strong is} 25. fxe3 h5 $14) 25... Qe7 26. Rag1 Rf8 27. f4 exf4 28. Qxf4 Kg8 29. Rf1 Rf7 (29... Rg6 30. Rgf3 Qd7) 30. Bxf6 {[%emt 0:00:27] Weighted Error Value: White=0.20 (precise) /Black=0.62} 1-0

[Event "Frauenbundesliga 2021-22"]
[Site "Germany"]
[Date "2022.05.26"]
[Round "3.7"]
[White "Abdumalik, Zhansaya"]
[Black "Cosma, Elena-Luminita"]
[Result "1-0"]
[ECO "C11"]
[WhiteElo "2489"]
[BlackElo "2277"]
[Annotator "TA"]
[PlyCount "121"]
[EventDate "2021.11.26"]
[EventType "team-tourn"]
[EventCountry "GER"]
[SourceTitle "playchess.com"]
[Source "ChessBase"]
[SourceQuality "1"]
[WhiteTeam "Baden-Baden"]
[BlackTeam "Hemer"]
[TimeControl "40/5400+30:1800+30"]

1. e4 e6 2. d4 d5 3. Nc3 Nf6 4. e5 Nfd7 5. f4 c5 6. Nf3 a6 7. Be3 Qb6 8. Na4 Qa5+ 9. c3 cxd4 10. b4 Qc7 11. Bxd4 (11. Nxd4 b5 12. Nc5 Bxc5 13. bxc5 Nxc5 $17) 11... Nc6 {[%emt 0:00:26] C11: French: Classical System: 4 e5 and 4 Bg5 dxe4.} 12. Be3 Be7 (12... b5 $5 13. Nb2 (13. Nc5 Nxc5 14. bxc5 Bd7 $17) 13... Ncxe5 $1 14. fxe5 Qxc3+ 15. Qd2 Bxb4 $11) 13. Bd3 {[%emt 0:03:54] [#]} O-O $146 (13... b5 $11 {remains equal.} 14. Nb2 (14. Nc5 Nxc5 15. bxc5 Na5 $15) 14... Ncxe5 15. fxe5 Qxc3+ 16. Qd2 Bxb4) ({Predecessor:} 13... b5 14. Nb2 a5 15. a3 axb4 16. axb4 Rxa1 17. Qxa1 f6 18. Bxb5 fxe5 19. Bxc6 Qxc6 {0-1 (56) Martinez Alcantara,J (2477)-Sochacki,C (2457) Chess.com INT 2017}) 14. O-O $1 $16 {[%emt 0:01:36] White is more active.} b5 15. Nb2 Nb6 16. a4 Bd7 17. a5 $1 (17. axb5 axb5 18. Qc2 (18. Bxb5 Rxa1 19. Qxa1 Ra8 $17) 18... g6 $14) 17... Nc4 18. Nxc4 bxc4 19. Bb1 f5 20. exf6 Bxf6 21. Ra2 (21. Qc2 $6 g6 $11) 21... g6 (21... Bxc3 $2 22. Qc2 g6 23. Qxc3 $18) 22. Qd2 Rae8 23. Bb6 Qb7 24. h4 Bc8 25. Bc5 Qg7 (25... Be7 $14) 26. Rc2 (26. Bxf8 $142 Rxf8 27. Rc2) 26... Be7 27. Be3 Rd8 28. Rcc1 Bf6 29. Bb6 d4 (29... Rde8 $16 {was worth a try.}) 30. Bxd8 Rxd8 31. cxd4 Nxd4 32. Qe1 Bb7 33. Ne5 (33. Rxc4 Bd5 34. Rc1 Nxf3+ 35. gxf3 (35. Rxf3 Bxf3 36. Qxe6+ Kf8 $11) 35... Qh6) 33... Bd5 34. Rc3 (34. Nxc4 $6 Nb3 35. Ne3 (35. Rc2 Nd4 $11) 35... Nxc1 36. Nxd5 exd5 $11) 34... Nc6 (34... Rb8 $14) 35. Re3 Qa7 (35... Nd4 $16) 36. Nxc6 $1 $18 Bxc6 {[%emt 0:00:06] This bishop pair is nice.} 37. Kh2 Bd5 {[%emt 0:00:20] [#]} 38. Rh3 (38. Be4 $1 $18) 38... Qb7 (38... Qf7 $16) 39. h5 Rd7 (39... Bxg2 $2 40. Qxe6+ Qf7 41. Qxf7+ Kxf7 42. hxg6+ hxg6 43. Kxg2 $18) 40. Rff3 Rg7 (40... Re7 $142) 41. hxg6 hxg6 42. Rfg3 Qc7 (42... c3 $142 43. Bxg6 (43. Rxg6 Qxb4 44. Rxg7+ Bxg7 $16) 43... Qxb4) 43. Be4 {[%emt 0:00:00] Threatens to win with Bxd5.} Kf7 (43... Qxf4 $2 44. Bxd5 Qe5 45. Qxe5 Bxe5 46. Bxe6+ Kf8 47. Rh8+ Ke7 {[#]} 48. Bxc4 $1 $18) 44. Rh8 {[%emt 0:00:00] Hoping for Bxd5.} Qc6 (44... Qd7 {was called for.} 45. Bc2 Bc6) 45. Bc2 Qd6 46. Qe3 {[%emt 0:00:00][%cal Oc2g6] And now Bxg6+! would win.} g5 (46... Qxb4 {is a better defense.} 47. Rh6 c3 48. Qa7+ (48. Rhxg6 Rh7+ 49. Rh3 Rxh3+ 50. Kxh3 Qd4 $18) (48. Rgxg6 Rxg6 49. Rxg6 Bb3 $16) 48... Qb7) 47. Qa7+ (47. Rg4 $142) 47... Be7 48. f5 (48. fxg5 $18 {White wants to mate with Qf2+.} Rxg5 49. Qf2+ Bf6 50. Rh7+ (50. Rf8+ $2 Qxf8 51. Qa7+ Qe7 $19) 50... Kg8 51. Kh3 Rxg3+ 52. Qxg3+ Qxg3+ 53. Kxg3) 48... exf5 $16 49. Bxf5 c3 $2 (49... Rg8 $16 50. Rh7+ Rg7) 50. Bc2 $18 Rg8 51. Rh7+ Rg7 52. Rh8 Rg8 53. Rh5 {[%emt 0:00:00] aiming for Qe3.} Rg7 $2 (53... Kf8 54. Rh7 Rg7) 54. Qf2+ (54. Qe3 $142) 54... Bf6 $2 (54... Qf6 55. Qa7 Qf4) 55. Rh6 g4 56. Kg1 {[%emt 0:00:00] Black must now prevent Rxc3.} Qc6 57. Rd3 (57. Re3 $142 Rg5 58. Qg3 Bxg2 59. Rxf6+ Qxf6 60. Qc7+ Kf8 61. Qc8+ Kg7 62. Qd7+ Qf7 63. Qd4+ Re5 64. Qxe5+ Qf6 65. Qc7+ Qf7 66. Qxc3+ Kg8 67. Qc8+ Kg7 68. Qxg4+ Kf8 69. Qc8+ Kg7 70. Rg3+ Kf6 71. Qd8+ Ke6 72. Re3+ Be4 73. Rxe4+ Kf5 74. Rd4+ Ke6 75. Qd6#) 57... g3 58. Qxf6+ Qxf6 {[%emt 0:00:37] White is clearly winning.} 59. Rxf6+ Kxf6 60. Rxd5 Re7 61. Rf5+ {[%emt 0:00:12] Weighted Error Value: White=0.38/Black=0.80} 1-0

[Event "Frauenbundesliga 2021-22"]
[Site "Germany"]
[Date "2022.05.26"]
[Round "3.8"]
[White "Ciolacu, Alessia-Mihaela"]
[Black "Stefanova, Antoaneta"]
[Result "1/2-1/2"]
[ECO "A84"]
[WhiteElo "2198"]
[BlackElo "2458"]
[Annotator "TA"]
[PlyCount "75"]
[EventDate "2021.11.26"]
[EventType "team-tourn"]
[EventCountry "GER"]
[SourceTitle "playchess.com"]
[Source "ChessBase"]
[SourceQuality "1"]
[WhiteTeam "Hemer"]
[BlackTeam "Baden-Baden"]
[TimeControl "40/5400+30:1800+30"]

1. d4 d5 2. c4 c6 3. Nf3 e6 4. e3 Bd6 5. b3 f5 6. Bd3 Nf6 7. O-O Qe7 8. Bb2 b6 {[%emt 0:02:55] A84: Dutch Defence: 2 c4 Miscellaneous.} 9. Qc1 O-O 10. Ba3 c5 {[%emt 0:01:54] The position is equal.} 11. cxd5 exd5 {[%emt 0:01:11] has lost popularity (11...Nxd5).} 12. dxc5 bxc5 13. Nc3 Na6 14. Nb5 Bb8 15. Nbd4 {[%emt 0:01:16] [#]} Ne4 $146 ({Predecessor:} 15... Ng4 16. Nc6 Qc7 17. Nxb8 Rxb8 18. Bb2 Re8 19. Rd1 Nb4 20. Be2 Nf6 21. a3 Nc6 22. b4 cxb4 23. axb4 {1-0 (23) Eryomenko,V (2151)-Sumets,A (2438) Odessa 2001}) 16. Nc6 Qd6 17. Nxb8 Rxb8 18. Rd1 Nb4 19. Be2 (19. Bf1 $5 ) 19... Ba6 20. Bxa6 Qxa6 21. Ne5 {[%emt 0:10:07] Against Nd3} (21. Bxb4 $14 cxb4 22. Qb2) 21... Qe2 $15 22. Rf1 Nc2 {[%emt 0:05:12] Pair of Knights!} 23. Rb1 {[%emt 0:02:07] Black must now prevent Rb2.} Nxa3 24. Qxa3 {[%emt 0:00:17] Strongly threatening Nd7.} f4 25. Rbe1 Qb5 (25... Qh5 $5 26. exf4 Rxf4 $11) 26. f3 ({Of course not} 26. Qxa7 Nd2 27. exf4 Nxf1 28. Rxf1 Rb7 $17) 26... Nc3 {[%emt 0:03:49] aiming for ...Ne2+.} 27. exf4 Ne2+ {[%emt 0:00:47] [#]} (27... a5 $11) 28. Rxe2 $1 $16 Qxe2 29. Nd7 Qe3+ 30. Kh1 c4 31. Nxb8 $18 Qd3 {[%emt 0:02:33][%cal Rd3f1] [#]} 32. Rc1 Rxb8 $16 33. Qxa7 $40 {[%emt 0:00:06][%mdl 128] KQR-KQR. Black is in trouble.} Re8 34. Qd7 Kf8 (34... Re2 $1 $14) 35. Qd6+ Kg8 36. Qd7 Kf8 37. Qd6+ Kg8 38. Qd7 $2 {[%emt 0:00:17] Weighted Error Value: White=0.25 (precise) /Black=0.19 (very precise)} ({White should play} 38. Qc6 $18 Re7 39. Qc8+ (39. bxc4 Qxc4 40. Qxc4 dxc4 $18) 39... Kf7 40. bxc4) 1/2-1/2